AoeStats
← 体制少妇白洁

Arabia

510563241Analyzed
4v4 RM · 17h ago on Oct 1, 2026· 28m 37s· 8 players
Game mode
Random Map
Map size
Large (8 player)
Population
200
Speed
Normal
Resources
Standard
Victory
Conquest
Starting age
Dark Age
Ending age
Imperial Age
RankedLock teamsTeams togetherTeam positionsShared explorationLock speedFull tech treeHidden civsTurbo modeCheats
Victory
Defeat
🇭🇰 Britons · Hong Kong SAR China
1488
+7
🇨🇳 Ethiopians · China
1364
+12
🇨🇳 Turks · China
1183
+20
🇹🇼 Gurjaras · Taiwan
1371
-18
🇦🇺 Maya · Australia
1283
-14
🇹🇼 Persians · Taiwan
1271
-14
🇹🇼 Magyars · Taiwan
1141
-9
Not.Hera
6:03 Loom
8:48 Feudal Age
9:40 Double-Bit Axe
11:28 Horse Collar
16:42 Forging
21:55 Bloodlines
Not.Liereyy
6:43 Loom
9:15 Feudal Age
10:52 Double-Bit Axe
18:34 Fletching
24:12 Castle Age
22:36 Horse Collar
23:05 Scale Barding Armor
23:55 Forging
24:12 Bloodlines
24:27 Elite Skirmisher
26:24 Husbandry
28:45 Bodkin Arrow
Not.ACCM
6:37 Loom
9:11 Feudal Age
10:18 Double-Bit Axe
21:11 Castle Age
18:58 Horse Collar
19:54 Scale Barding Armor
19:43 Fletching
20:48 Padded Archer Armor
21:45 Bloodlines
23:21 Bodkin Arrow
23:51 Gold Mining
khadu626
0:26 Loom
9:50 Feudal Age
10:35 Double-Bit Axe
15:33 Fletching
20:28 Wheelbarrow
24:43 Castle Age
23:20 Padded Archer Armor
24:47 Crossbowman
25:24 Bodkin Arrow
25:45 Leather Archer Armor
26:09 Bow Saw
FoLuo
6:36 Loom
8:48 Feudal Age
11:38 Fletching
12:56 Padded Archer Armor
16:28 Horse Collar
20:05 Wheelbarrow
22:58 Castle Age
21:19 Gold Mining
22:37 Double-Bit Axe
23:01 Crossbowman
23:38 Bodkin Arrow
24:27 Thumb Ring
24:38 Leather Archer Armor
25:08 Bow Saw
26:36 Ballistics
27:02 Thumb Ring
28:34 Gold Shaft Mining
可爱透耀人
8:49 Feudal Age
9:24 Double-Bit Axe
10:06 Horse Collar
14:05 Scale Barding Armor
14:48 Loom
17:19 Forging
18:29 Bloodlines
20:37 Wheelbarrow
24:33 Castle Age
23:11 Gold Mining
25:35 Chain Barding Armor
25:16 Husbandry
28:40 Iron Casting
莲花去国一千年,雨后闻腥犹带铁
6:47 Loom
9:28 Feudal Age
11:09 Double-Bit Axe
11:45 Town Watch
17:14 Wheelbarrow
19:24 Scale Barding Armor
19:30 Bloodlines
24:17 Castle Age
22:36 Forging
25:24 Chain Barding Armor
25:39 Iron Casting
24:52 Horse Collar
27:26 Bow Saw
27:18 Heavy Plow
体制少妇白洁
6:25 Loom
8:53 Feudal Age
9:36 Double-Bit Axe
11:41 Fletching
16:00 Horse Collar
21:23 Wheelbarrow
24:05 Castle Age
22:33 Gold Mining
24:26 Padded Archer Armor
24:25 Crossbowman
25:08 Bodkin Arrow
25:50 Bow Saw
27:04 Ballistics
Connection lost

Rejoining the realm…

Still unreachable

The connection could not be restored.

Session expired

The server has moved on; the page needs a fresh start.